[Event "*** Titled Tuesday Blitz"]
[Site "Chess.com"]
[Date "2021.03.02"]
[Round "2"]
[White "dopolian"]
[Black "PawnEatingZombie"]
[Result "0-1"]
[WhiteElo "2402"]
[BlackElo "2201"]
[TimeControl "180+1"]
[EndTime "10:18:15 PST"]
[Termination "PawnEatingZombie won by resignation"]

1. Nf3 d5 2. c4 e6 3. b3 Nf6 4.
Bb2 Bd6 5. g3 b6 6. Bg2 Bb7 7.
O-O O-O 8. d3 c5 9. Nbd2 Nc6 10.
a3 a5 11. Qc2 d4 12. Ng5 h6 13. Nge4 Nxe4 14. Nxe4 Be7 15. f4 Qd7 16. Bc1 f5 17.
Nf2 e5 18. fxe5 Nxe5 19. Bf4 Bd6 20. Rab1 Bxg2 21. Kxg2 Qc6+ 22. Kg1 Rf6 23. b4 axb4 24. axb4 Nf3+ 25. exf3 Bxf4 26. Kg2 Be3 27. b5 Qb7 28. Ra1 Re8 29. Rfe1 g5 30. Qe2 Rfe6 31. Nd1 g4 32. Qf1 Bd2 33. Rxe6 Rxe6 34. Ra2 Re1 35. Qf2 Rxd1 36.
Rxd2 Rxd2 37. Qxd2 Qxf3+ 38. Kg1 Kg7 39. Qe1 Kf6 40.
Qb1 Qe3+ 41. Kg2 h5 42. Qf1 h4 43. gxh4 f4 44. h5 f3+ 45. Kg3 Kg5 46. Qb1 Qf4+ 47.
Kf2 Qxh2+ 0-1

[Event "*** Titled Tuesday Blitz"]
[Site "Chess.com"]
[Date "2021.03.02"]
[Round "2"]
[White "miredenizdogan"]
[Black "McCarthyStone"]
[Result "1-0"]
[WhiteElo "2274"]
[BlackElo "2435"]
[TimeControl "180+1"]
[EndTime "10:18:16 PST"]
[Termination "miredenizdogan won by resignation"]

1. d4 d5 2. c4 Nc6 3. Nc3 Nf6 4. cxd5 Nxd5 5. e4 Nxc3 6. bxc3 e5 7. d5 Nb8 8. Nf3 Bd6 9. Bg5 f6 10. Be3 Nd7 11. Bb5 O-O 12. O-O Nc5 13. Nd2 f5 14. Qh5 Nxe4 15. Nxe4 fxe4 16. c4 b6 17. Rae1 Bf5 18.
Bc6 Rb8 19. Bg5 Qc8 20. Qh4 h6 21. Be7 Rf7 22. Bxd6 cxd6 23. f3 exf3 24. Rxf3 Qf8 25. Ref1 a6 26. g4 Bg6 27. Rxf7 Bxf7 28. Bd7 Qd8 29. Qxd8+ Rxd8 30. Bc6 Bg6 31. Rf2 Bd3 32. Rb2 Bxc4 33. Rxb6 e4 34. Kf2 Rf8+ 35. Ke3 Bd3 36. a4 Rf3+ 37. Kd4 Rh3 38. Rb8+ Kh7 39. Ra8 Rxh2 40.
Bd7 Ra2 41. Bf5+ g6 42. Ra7+ Kg8 43. Bxg6 Rxa4+ 44. Ke3 Ra1 45. Bxe4 Bxe4 46. Kxe4 a5 47. Kf5 Rf1+ 48. Kg6 Kf8 49. Rxa5 Rh1 50. Kf6 Rh4 1-0

[Event "*** Titled Tuesday Blitz"]
[Site "Chess.com"]
[Date "2021.03.02"]
[Round "2"]
[White "Kildepiotr"]
[Black "MITerryble"]
[Result "1-0"]
[WhiteElo "2586"]
[BlackElo "2918"]
[TimeControl "180+1"]
[EndTime "10:18:17 PST"]
[Termination "Kildepiotr won by resignation"]

1. Nf3 Nf6 2. g3 d5 3. Bg2 c6 4. O-O Bg4 5. d3 Nbd7 6. Nbd2 e5 7. e4 dxe4 8. dxe4 Be7 9. h3 Bh5 10. Qe2 O-O 11. a4 Qc7 12. Nc4 Rfe8 13. b3 Nb6 14. Bb2 Nxc4 15. Qxc4 Bxf3 16. Bxf3 Nd7 17. Rad1 Nf8 18.
Bg4 Rad8 19. h4 b6 20. Qc3 Bc5 21. Rxd8 Qxd8 22. Rd1 Qe7 23. Qf3 g6 24. Rd3 h5 25.
Bh3 Ba3 26. Bc3 Bc5 27. Kg2 a5 28. Bd2 Rd8 29. Bg5 Rxd3 30. Qxd3 f6 31. Bd2 Qd6 32. Qxd6 Bxd6 33. Be3 Bc5 34. Bxc5 bxc5 35. Kf3 Kf7 36. Ke3 c4 37. b4 axb4 38. a5 f5 39. exf5 g5 40. hxg5 Nd7 41. a6 Nb6 42. a7 c3 43.
f6 e4 44. Bf1 Kg6 45. Ke2 c5 46. Kd1 Kf7 47. Bg2 c4 48. Bxe4 b3 49. cxb3 cxb3 50.
a8=Q Nxa8 51. Bxa8 Kg6 52. Be4+ Kxg5 53. f7 1-0

[Event "*** Titled Tuesday Blitz"]
[Site "Chess.com"]
[Date "2021.03.02"]
[Round "2"]
[White "Bigfish1995"]
[Black "Eloist"]
[Result "1-0"]
[WhiteElo "3122"]
[BlackElo "2351"]
[TimeControl "180+1"]
[EndTime "10:18:17 PST"]
[Termination "Bigfish1995 won on time"]

1. e4 e6 2. Nf3 d5 3. e5 c5 4.
c3 d4 5. Bd3 Ne7 6. O-O Nbc6 7.
Be4 Ng6 8. Bxc6+ bxc6 9. cxd4 cxd4 10. Qa4 Qd5 11. Nxd4 Bd7 12. Nc3 Qxe5 13. Nf3 Qc7 14. d4 c5 15. Qd1 cxd4 16. Qxd4 Qb6 17. Qe4 Bc6 18. Qg4 Be7 19. h4 h5 20. Qg3 Qb8 21.
Qh3 O-O 22. Ng5 Nf4 23. Bxf4 Qxf4 24. Nxe6 fxe6 25. Qxe6+ Qf7 26. Qxc6 Bxh4 27. Qe4 Bxf2+ 28. Kh1 Qf6 29. Nd5 Qh4+ 30. Qxh4 Bxh4 31. Nf4 Rf5 32. Ng6 Rxf1+ 33. Rxf1 Bf6 34. b3 Rc8 35. Rf2 Rc1+ 36. Kh2 Kf7 37. Nf4 h4 38. Kh3 g5 39. Nd5 Rc6 40. Kg4 Kg6 41. Rxf6+ Rxf6 42. Nxf6 Kxf6 43. b4 a6 44. a4 1-0

[Event "*** Titled Tuesday Blitz"]
[Site "Chess.com"]
[Date "2021.03.02"]
[Round "2"]
[White "Pilopa"]
[Black "Arseniy_Nesterov"]
[Result "0-1"]
[WhiteElo "2521"]
[BlackElo "2787"]
[TimeControl "180+1"]
[EndTime "10:18:18 PST"]
[Termination "Arseniy_Nesterov won by resignation"]

1. d4 d5 2. c4 e6 3. Nf3 Nf6 4. Nc3 c5 5. cxd5 exd5 6. g3 Nc6 7.
Bg2 cxd4 8. Nxd4 Bc5 9. Nb3 Bb6 10. O-O O-O 11. Bg5 d4 12. Na4 Re8 13. Re1 h6 14. Bxf6 Qxf6 15. Nxb6 axb6 16. Bxc6 bxc6 17. Qxd4 Qd8 18.
Qxd8 Rxd8 19. a3 Be6 20. Nc1 Rd2 21. Nd3 Bb3 22. Rac1 c5 23. Rc3 c4 24. Ne5 b5 25.
Nf3 Rxb2 26. Nd4 Ba4 27. Rcc1 Ra2 28. Ra1 Rxa1 29. Rxa1 c3 30. Rc1 c2 31. Kf1 Rc8 32. Ke1 Rc4 33. e3 Rc3 34. Kd2 Rxa3 35. Nxc2 Ra2 36. Kd3 Kh7 37. h4 b4 38. f3 Bb5+ 39. Ke4 b3 40. Nd4 b2 41. Rb1 Bc4 42. Nf5 g6 43. Nd6 Be6 44. Kd3 Kg7 45. Kc3 Ra3+ 46. Kd2 Rb3 47. Ne4 Bf5 48. Nc3 Bxb1 49. Nxb1 Kf6 0-1

[Event "*** Titled Tuesday Blitz"]
[Site "Chess.com"]
[Date "2021.03.02"]
[Round "2"]
[White "Malev212"]
[Black "Anton_Demchenko"]
[Result "0-1"]
[WhiteElo "2559"]
[BlackElo "2912"]
[TimeControl "180+1"]
[EndTime "10:18:19 PST"]
[Termination "Anton_Demchenko won on time"]

1. e4 e5 2. Nf3 Nc6 3. Bb5 a6 4. Ba4 d6 5. Bxc6+ bxc6 6. d4 exd4 7.
Qxd4 Nf6 8. O-O Be7 9. e5 c5 10. Qd3 dxe5 11. Qxd8+ Bxd8 12. Nxe5 Bb7 13. Nc3 O-O 14.
Bf4 Re8 15. Rfe1 Nh5 16. Nd3 Rxe1+ 17. Rxe1 g5 18. Be3 c4 19. Ne5 Bf6 20. Nxc4 Rb8 21. Ba7 Rd8 22. f3 h6 23. Ne4 Bg7 24. b3 Nf4 25. Be3 Nd5 26. Bf2 Nb4 27. Nc5 Bd5 28. Rd1 Nxa2 29. Nb7 Rb8 30. Rxd5 Rxb7 31. Rd8+ Kh7 32.
Rd7 Nb4 33. Rxf7 Kg6 34. Rd7 Nxc2 35. Na5 Rb5 36. Nc4 Rxb3 37. h4 gxh4 38. Rxc7 h3 39. Rc6+ Kh7 40. Nd2 Rc3 41. Rxc3 Bxc3 42. Ne4 Be5 43.
gxh3 a5 44. Bc5 a4 45. Nd2 a3 46. Nb3 a2 0-1

[Event "*** Titled Tuesday Blitz"]
[Site "Chess.com"]
[Date "2021.03.02"]
[Round "2"]
[White "Astaneh"]
[Black "Gerryisplaying"]
[Result "1-0"]
[WhiteElo "2616"]
[BlackElo "2246"]
[TimeControl "180+1"]
[EndTime "10:18:20 PST"]
[Termination "Astaneh won by checkmate"]

1. d4 d5 2. Bf4 c5 3. e3 cxd4 4.
exd4 Nc6 5. c3 f6 6. Nf3 g5 7.
Bg3 Bg7 8. Bd3 h5 9. Bg6+ Kf8 10. h4 g4 11. Nfd2 e5 12. dxe5 fxe5 13. O-O Qf6 14. Bc2 Bf5 15. Bxf5 Qxf5 16. f3 Nf6 17. fxg4 Qxg4 18. Qxg4 hxg4 19. Na3 a6 20. Rae1 Re8 21.
Nb3 b6 22. Rf5 Rh5 23. Rf2 Kg8 24. Nd2 b5 25. Nc2 e4 26. Ne3 Ne5 27. Ref1 Re6 28.
Rf5 Rxf5 29. Rxf5 Nd3 30. b3 Nc1 31. Nxd5 Nxd5 32. Rxd5 Ne2+ 33. Kf2 Nxc3 34. Rd8+ Kf7 35. Nf1 Rf6+ 36. Ke1 Nxa2 37. Rd7+ Kg6 38. h5+ Kh6 39. Ne3 Rc6 40. Nxg4+ Kh7 41. Be5 Rc1+ 42. Kd2 Rg1 43. Rxg7+ Kh8 44. Nh6 e3+ 45. Ke2 Nc1+ 46. Kf3 Rf1+ 47. Ke4 e2 48. Rg8+ Kh7 49. Rh8# 1-0

[Event "*** Titled Tuesday Blitz"]
[Site "Chess.com"]
[Date "2021.03.02"]
[Round "2"]
[White "turayev_shahruh17"]
[Black "esapunov"]
[Result "0-1"]
[WhiteElo "2497"]
[BlackElo "2713"]
[TimeControl "180+1"]
[EndTime "10:18:21 PST"]
[Termination "esapunov won by checkmate"]

1. e4 c5 2. Nc3 d6 3. Bc4 Nc6 4. d3 g6 5. f4 Bg7 6. Nf3 e6 7. O-O Nge7 8. Qe1 O-O 9. f5 d5 10.
Bb3 c4 11. dxc4 dxe4 12. f6 Bxf6 13. Nxe4 Bg7 14. Qh4 f6 15. c5 Nf5 16. Qh3 Na5 17.
g4 Nxb3 18. axb3 Nd4 19. Bh6 Nxf3+ 20. Rxf3 Qd4+ 21. Nf2 Qxc5 22. Bxg7 Kxg7 23. Rc3 Qe7 24. Rd1 e5 25. Qh4 h6 26. Rh3 Rh8 27. Ne4 Be6 28. Rf3 Raf8 29. Rdf1 g5 30. Qf2 Bd5 31. Qe3 Bxe4 32. Qxe4 a6 33. c4 Rf7 34. Kg2 Rd8 35. R1f2 Rd4 36. Qf5 Rf4 37. Rxf4 exf4 38. Rd2 Qe5 39.
Qxe5 fxe5 40. Kf3 Kf6 41. Ke4 Ke6 42. Rd5 f3 43. Rd1 Rf4+ 44. Ke3 f2 45. Rf1 a5 46. Rxf2 Rxf2 47. Kxf2 e4 48. Ke2 Kd6 49. Kd2 Kc5 50. Ke3 Kb4 51. Kxe4 Kxb3 52. Kf5 Kxb2 53. Kg6 a4 54.
Kxh6 a3 55. Kxg5 a2 56. Kh6 Kb3 57. g5 a1=Q 58. g6 Qh8+ 59. Kg5 Kxc4 60. g7 Qxg7+ 61. Kf5 b5 62. Ke4 b4 63. Kf3 b3 64. Ke2 b2 65.
Kf2 b1=Q 66. Ke3 Qd3+ 67. Kf2 Qf6+ 68. Ke1 Qff1# 0-1

[Event "*** Titled Tuesday Blitz"]
[Site "Chess.com"]
[Date "2021.03.02"]
[Round "2"]
[White "oganromchess"]
[Black "Faqade"]
[Result "0-1"]
[WhiteElo "2483"]
[BlackElo "2701"]
[TimeControl "180+1"]
[EndTime "10:18:22 PST"]
[Termination "Faqade won by resignation"]

1. e4 c5 2. Nf3 e6 3. d4 cxd4 4. Nxd4 Nc6 5. Nc3 Qc7 6. Be3 a6 7. g4 b5 8. Bg2 Bb7 9. O-O h5 10. g5 Ne5 11. Bf4 d6 12. h4 Nc4 13. b3 e5 14. bxc4 exf4 15. Nd5 Qxc4 16. Nb6 Qc7 17. Nxa8 Bxa8 18. a4 b4 19. Qd3 Bb7 20. Rab1 a5 21. c3 f6 22. cxb4 fxg5 23. bxa5 Bc8 24. Rfc1 Qd7 25. Rb8 Ne7 26. Qb5 Kf7 27. Rcxc8 Qg4 28. Qb3+ d5 29. exd5 Nxc8 30. d6+ Kf6 31. Qd5 Bxd6 32.
hxg5+ Qxg5 33. Qxg5+ Kxg5 34. a6 Bxb8 35. Ne6+ Kf6 36.
Nc5 Na7 37. Nd7+ Ke7 38. Nxb8 Rxb8 39. Bb7 Kd6 40. Kg2 g5 41. Kf3 Ke5 0-1

[Event "*** Titled Tuesday Blitz"]
[Site "Chess.com"]
[Date "2021.03.02"]
[Round "2"]
[White "The_filthy"]
[Black "GarciaIsaac"]
[Result "1-0"]
[WhiteElo "2329"]
[BlackElo "2566"]
[TimeControl "180+1"]
[EndTime "10:18:23 PST"]
[Termination "The_filthy won by resignation"]

1. e4 c5 2. Nf3 Nc6 3. d4 cxd4 4.
Nxd4 Nf6 5. Nc3 d6 6. Bg5 a6 7. f3 e6 8. Qd2 Bd7 9. O-O-O h6 10. Be3 h5 11. Kb1 Rc8 12. h3 b5 13. Bd3 Ne5 14.
f4 Nc4 15. Bxc4 Rxc4 16. e5 Rxc3 17. Qxc3 Ne4 18. Qd3 d5 19. Rhf1 g6 20. Nf3 Qa5 21.
Nd2 Ng3 22. Rfe1 b4 23. Bb6 Qxb6 24. Qxg3 a5 25. Qf3 a4 26. Nf1 Bc5 27. g4 a3 28.
b3 Bc6 29. f5 hxg4 30. hxg4 d4 31. Qf4 gxf5 32. gxf5 Bd5 33. Ng3 Qc7 34. Ne4 Be7 35.
Rd3 Qc6 36. Nf6+ Bxf6 37. exf6 Kd7 38. fxe6+ fxe6 39. f7 Rf8 40. Qf6 Qd6 41. Rxd4 Qe7 42.
Qxe7+ Kxe7 43. Rxd5 Rxf7 44. Rdd1 Rf2 45. Re4 1-0

[Event "*** Titled Tuesday Blitz"]
[Site "Chess.com"]
[Date "2021.03.02"]
[Round "2"]
[White "MuhittinBuker"]
[Black "Kotofeyca"]
[Result "1/2-1/2"]
[WhiteElo "2109"]
[BlackElo "2387"]
[TimeControl "180+1"]
[EndTime "10:18:23 PST"]
[Termination "Game drawn by agreement"]

1. d4 d5 2. c4 c6 3. Nc3 Nf6 4.
Nf3 dxc4 5. a4 Bg4 6. e3 e5 7. Bxc4 Bxf3 8. Qxf3 exd4 9. Ne4 Bb4+ 10. Kf1 dxe3 11.
Nxf6+ Qxf6 12. Qxf6 gxf6 13. Bxe3 Nd7 14. g3 Ne5 15. Bb3 Ke7 16. Kg2 Rhd8 17. Rad1 a5 18. h3 Rd3 19. Rxd3 Nxd3 20. Bc2 Rd8 21. b3 Ne1+ 22.
Rxe1 Bxe1 23. Bxh7 b5 24. axb5 cxb5 25. Kf1 Bb4 26. Bc2 Rc8 27. Bd1 Rc3 28. Ke2 Bc5 29. Bd2 b4 30. Bxc3 bxc3 31. Bc2 Ke6 32. f4 f5 33. h4 Kf6 34. Kf3 Bd4 35. g4 fxg4+ 36. Kxg4 Be3 37. h5 Bd2 38. h6 Be3 39. h7 Kg7 40.
Kf3 Bc5 41. Ke4 Bd6 42. Ke3 Bc5+ 43. Kd3 Bd6 44. Ke3 Bc5+ 45. Kf3 Bd6 46. Kg4 Bc5 47.
Kg3 Bd6 48. Kf3 Bc5 49. Bb1 Bd6 50. Ke4 Bc7 51. Kd4 Bxf4 52. Kxc3 Bd6 53. Kc4 Bb4 54.
Kd5 Bd2 1/2-1/2

[Event "*** Titled Tuesday Blitz"]
[Site "Chess.com"]
[Date "2021.03.02"]
[Round "2"]
[White "Lagmantr"]
[Black "Balla_Tamas"]
[Result "1-0"]
[WhiteElo "2732"]
[BlackElo "2503"]
[TimeControl "180+1"]
[EndTime "10:18:24 PST"]
[Termination "Lagmantr won by resignation"]

1. Nf3 c5 2. b3 d5 3. e3 Nc6 4. Bb2 Bg4 5. h3 Bxf3 6. Qxf3 e6 7. d4 cxd4 8. exd4 Nf6 9. Bd3 Bb4+ 10. Nd2 O-O 11. Qe2 Qa5 12. a3 Bxd2+ 13. Qxd2 Qxd2+ 14. Kxd2 Rac8 15. g4 a6 16. f3 Rc7 17. Rac1 Rfc8 18.
h4 Na5 19. h5 h6 20. Rcg1 Nc4+ 21. Kc1 Nxb2 22. Kxb2 Ne8 23. a4 Nd6 24. a5 f6 25. Rg2 Re7 26. Re1 e5 27. dxe5 fxe5 28. Rge2 Rce8 29. Bg6 Nf7 30. f4 e4 31. c4 dxc4 32.
bxc4 Kf8 33. Rxe4 Rxe4 34. Rxe4 Rc8 35. Bxf7 Kxf7 36. Kc3 Kf6 37. Rd4 Rc7 38. Rd6+ Ke7 39. Rb6 Kf7 40. Kd4 Ke7 41. c5 Rd7+ 42. Ke5 Rc7 43. Kd5 Rd7+ 44. Rd6 Rc7 45. g5 hxg5 46. fxg5 Kf7 47. h6 gxh6 48. gxh6 Kg8 49. Rg6+ Kh8 50. Re6 Kh7 51. c6 bxc6+ 52. Rxc6 Rd7+ 53. Kc5 Rd1 54. Rxa6 Rc1+ 55. Kb4 Rb1+ 56. Kc3 Ra1 57. Kb2 Ra4 58.
Kb3 Ra1 59. Kb4 Rb1+ 60. Kc5 Rc1+ 61. Kd4 Ra1 62. Ra8 Kxh6 63. a6 Kg7 64. Kc5 Rc1+ 65.
Kb6 Rb1+ 66. Ka7 Kf7 67. Rb8 Ra1 68. Rb4 Re1 69. Kb7 Re7+ 70. Kb6 Re6+ 71. Ka5 Re1 72. a7 Ra1+ 73. Ra4 1-0

[Event "*** Titled Tuesday Blitz"]
[Site "Chess.com"]
[Date "2021.03.02"]
[Round "2"]
[White "cstevens1"]
[Black "Piacramling"]
[Result "1-0"]
[WhiteElo "2619"]
[BlackElo "2319"]
[TimeControl "180+1"]
[EndTime "10:18:24 PST"]
[Termination "cstevens1 won on time"]

1. e4 c5 2. Nf3 e6 3. d4 cxd4 4. Nxd4 Nf6 5. Nc3 Nc6 6. Be2 d6 7. O-O Be7 8. Kh1 a6 9. f4 Bd7 10. Nf3 e5 11. f5 b5 12. a3 Rc8 13. Bg5 O-O 14. Bxf6 Bxf6 15. Nd5 Nd4 16. c3 Nxf3 17. Rxf3 Rc6 18. Rd3 Bc8 19. a4 bxa4 20. Qxa4 Bd7 21.
Qa3 Rc5 22. Rad1 Bg5 23. Rg3 Bf4 24. Nxf4 exf4 25. Rg4 Qe7 26. Rxf4 Bxf5 27. Bf3 Bg6 28. Qxa6 Rd8 29. Qb6 Re5 30. Qd4 h6 31. h4 Kh7 32.
h5 Qg5 33. hxg6+ fxg6 34. Rg4 Qh5+ 35. Kg1 Rg5 36. Rxg5 Qxg5 37. e5 d5 38. Bxd5 Qg3 39.
b4 Rf8 40. c4 Rf4 41. Qd3 Qg4 42. Qe3 Qxd1+ 43. Kh2 Rh4+ 44. Kg3 1-0

[Event "*** Titled Tuesday Blitz"]
[Site "Chess.com"]
[Date "2021.03.02"]
[Round "2"]
[White "GCamachoMartinez"]
[Black "profofchess"]
[Result "1-0"]
[WhiteElo "2288"]
[BlackElo "2459"]
[TimeControl "180+1"]
[EndTime "10:18:24 PST"]
[Termination "GCamachoMartinez won on time"]

1. d4 Nf6 2. c4 e6 3. g3 c5 4.
d5 exd5 5. cxd5 d6 6. Bg2 g6 7. Nc3 Bg7 8. Nf3 a6 9. O-O b5 10. a3 O-O 11. e4 Re8 12. Re1 Ng4 13. h3 Ne5 14. Nxe5 Bxe5 15. f4 Bd4+ 16. Kh2 Ra7 17. Bd2 Rae7 18. Qf3 f5 19. b4 Nd7 20. exf5 Rxe1 21.
Rxe1 Rxe1 22. Bxe1 gxf5 23. Ne2 Bg7 24. bxc5 Nxc5 25.
Bb4 a5 26. Bxc5 dxc5 27. Nc3 b4 28. axb4 axb4 29. Nb5 Ba6 30. Bf1 Qd7 31. Qd3 Bd4 32.
Qc4 Bxb5 33. Qxb5 Qxb5 34. Bxb5 b3 35. d6 Kf8 36. Kg2 b2 37. Bd3 c4 38. Bxf5 h6 39.
Kf3 Bc5 40. d7 Ke7 41. Ke2 Bb4 42. Kd1 b1=Q+ 43. Bxb1 Kxd7 44. Ba2 c3 45. Kc2 Ke7 46. Bd5 Kf6 47. Be4 Ba5 48. Kd3 Bb4 49. Kc4 Ba5 50. Kb5 Bc7 51. Kc4 Ba5 52. Kd5 Bb4 53. g4 Ba5 54. h4 Bd8 55. g5+ hxg5 56. hxg5+ Kg7 57.
Ke6 Bc7 58. f5 Bd8 59. f6+ Kf8 60. g6 Bxf6 61. Kxf6 c2 62. Bxc2 Kg8 63. Ba4 Kf8 64. Bd1 Kg8 65. g7 Kh7 66. Kf7 Kh6 67. Bc2 Kh5 68.
g8=Q 1-0

[Event "*** Titled Tuesday Blitz"]
[Site "Chess.com"]
[Date "2021.03.02"]
[Round "2"]
[White "B-man"]
[Black "Grandelicious"]
[Result "1-0"]
[WhiteElo "2558"]
[BlackElo "2840"]
[TimeControl "180+1"]
[EndTime "10:18:25 PST"]
[Termination "B-man won by resignation"]

1. d4 d5 2. Nf3 e6 3. g3 b6 4. Bg2 Bb7 5. O-O Nd7 6. a4 a5 7. Nc3 Bb4 8. Bg5 Ne7 9. Na2 Bd6 10. Nc1 O-O 11. Nd3 f6 12. Bf4 Ng6 13. Bxd6 cxd6 14. Nf4 Nxf4 15. gxf4 Qe7 16. c3 Rad8 17. e3 Kh8 18.
Kh1 f5 19. b4 Nf6 20. Nd2 Rc8 21. Rc1 Ba6 22. b5 Bb7 23. c4 dxc4 24. Nxc4 Ng4 25. h3 Bxg2+ 26. Kxg2 Nf6 27. f3 Nd5 28. Qd2 Rf6 29.
Kh2 Rg6 30. Nxd6 Rf8 31. Nc4 Qh4 32. Rg1 Rc8 33. Ne5 Rxc1 34. Nxg6+ hxg6 35. Qxc1 Qf2+ 36. Rg2 Qxf3 37. Qc8+ Kh7 38. Qxe6 Nf6 39. d5 Qxd5 40. Qxd5 Nxd5 41. Rc2 g5 42. Rc6 gxf4 43. exf4 g6 44. Rd6 Nxf4 45. Rxb6 Nd3 46. Ra6 Nb2 47. b6 1-0

[Event "*** Titled Tuesday Blitz"]
[Site "Chess.com"]
[Date "2021.03.02"]
[Round "2"]
[White "catzapto"]
[Black "AleksanderHnydiuk"]
[Result "0-1"]
[WhiteElo "2056"]
[BlackElo "2491"]
[TimeControl "180+1"]
[EndTime "10:18:25 PST"]
[Termination "AleksanderHnydiuk won by resignation"]

1. e4 Nf6 2. Nc3 d5 3. exd5 Nxd5 4. Bc4 Nxc3 5. Qf3 e6 6. dxc3 Bd6 7. Be3 O-O 8.
O-O-O Nc6 9. Ne2 Ne5 10. Qe4 Nxc4 11. Qxc4 e5 12. Ng3 Be6 13. Qa4 Qe8 14. Qxe8 Rfxe8 15. a3 f5 16. Bd2 Rad8 17. Rhf1 g6 18. f4 Bc4 19.
Rf3 e4 20. Re3 Bc5 21. Ree1 Bf2 22. Rh1 e3 23. Be1 Rxd1+ 24. Kxd1 e2+ 25. Kc1 Be3+ 26. Kb1 Rd8 27. b3 Rd1+ 28. Kb2 Ba6 29. c4 Bxf4 30. Nxe2 Be5+ 31. Nc3 b5 32. Ka2 Bxc3 33. Bxc3 Rxh1 34. cxb5 Bxb5 35. a4 Bc6 36. Be5 Bxg2 37. b4 Be4 38.
Kb2 c6 39. b5 cxb5 40. axb5 Bb7 41. Bd4 a6 42. b6 Rxh2 43. Kb3 Re2 44. c4 Re6 45. c5 f4 46. Kc3 g5 47. Kc4 g4 48.
Bg1 g3 49. c6 Rxc6+ 50. Kd5 f3 51. Ke4 f2 52. Bxf2 gxf2 53. Kd5 f1=Q 54. Ke4 Qe2+ 55.
Kd5 Qd3+ 56. Ke5 Rc5+ 57. Kf4 Qd4+ 58. Kg3 Rc3+ 0-1

[Event "*** Titled Tuesday Blitz"]
[Site "Chess.com"]
[Date "2021.03.02"]
[Round "2"]
[White "GasconJR"]
[Black "NoGuru"]
[Result "0-1"]
[WhiteElo "2461"]
[BlackElo "2299"]
[TimeControl "180+1"]
[EndTime "10:18:25 PST"]
[Termination "NoGuru won by resignation"]

1. d4 d5 2. c4 e6 3. Nc3 Be7 4. Nf3 Nf6 5. Bf4 O-O 6. e3 Nbd7 7. c5 c6 8. h3 b6 9. b4 a5 10. a3 h6 11. Be2 Ba6 12. Bxa6 Rxa6 13. b5 cxb5 14.
c6 Qc8 15. Nxb5 Qxc6 16. Nc7 Qc3+ 17. Nd2 e5 18. dxe5 Qxc7 19. exf6 Bd6 20. Bxd6 Qxd6 21. fxg7 Re8 22. O-O Qg6 23. Nf3 Nf6 24. Rc1 b5 25. Rc7 Rb6 26. Qd4 Reb8 27. Ne5 Qe4 28. Rxf7 Qxd4 29.
exd4 b4 30. axb4 axb4 31. Rxf6 Rxf6 32. Nd7 Rfb6 33. Nxb8 Rxb8 34. Rb1 b3 35. Kf1 Kxg7 36. Ke2 Kf6 37. Kd3 Kf5 38. Kc3 Ke4 39. Re1+ Kf4 40.
Kb2 Rb4 41. Re6 Rxd4 42. Rxh6 Kg5 43. Kxb3 Kxh6 44. Kc3 Rf4 45. f3 Rf8 46. Kd4 Rd8 47. f4 Kh5 48. g3 Rd7 49. f5 Kg5 50. g4 Rd8 51. Ke5 d4 0-1

[Event "*** Titled Tuesday Blitz"]
[Site "Chess.com"]
[Date "2021.03.02"]
[Round "2"]
[White "marvinguevara"]
[Black "As0nchess"]
[Result "0-1"]
[WhiteElo "2126"]
[BlackElo "2606"]
[TimeControl "180+1"]
[EndTime "10:18:26 PST"]
[Termination "As0nchess won on time"]

1. e4 c5 2. d4 cxd4 3. c3 Nf6 4.
e5 Nd5 5. Bc4 e6 6. Nf3 d6 7.
O-O Nc6 8. exd6 Bxd6 9. cxd4 O-O 10.
Nc3 h6 11. Ne4 Nf6 12. Nxd6 Qxd6 13. h3 Rd8 14. Be3 b6 15. Qa4 Bb7 16. Rfd1 Na5 17.
Be2 Rac8 18. Ne5 Nd5 19. Bd2 Nc6 20. Nxc6 Bxc6 21. Qb3 Nf4 22. Bf1 Ng6 23. Bc3 Qf4 24. Rd3 Bd5 25. Qa4 a5 26. Rg3 h5 27. Rd1 Nh4 28. Bd2 Qd6 29. Bg5 Nf5 30. Bxd8 Nxg3 31. Bh4 Nxf1 32. Kxf1 Qh2 33. f3 Qf4 34. Bf2 Kh7 35.
Kg1 Rc4 36. Qb3 Rb4 37. Qd3+ g6 38. b3 Qf5 39. Be1 Qxd3 40. Rxd3 Rb5 41. Bc3 Kg7 42. Re3 Kf6 43. Re5 Ke7 44. Kf2 Kd6 45. Re2 f6 46.
Rc2 a4 47. bxa4 Rb1 0-1

[Event "*** Titled Tuesday Blitz"]
[Site "Chess.com"]
[Date "2021.03.02"]
[Round "2"]
[White "NikolaGry"]
[Black "MarcLonoff"]
[Result "1-0"]
[WhiteElo "2605"]
[BlackElo "2124"]
[TimeControl "180+1"]
[EndTime "10:18:26 PST"]
[Termination "NikolaGry won on time"]

1. b3 d5 2. Bb2 Nf6 3. Nf3 e6 4. e3 Be7 5. g4 h6 6. Rg1 c5 7. h4 Nc6 8. g5 hxg5 9. hxg5 Nh5 10. Rh1 Kd7 11. Bb5 Kc7 12. Bxc6 bxc6 13. Nc3 Ba6 14. d3 Bxg5 15. Na4 Be7 16. Qd2 Kb7 17. Ba3 Nf6 18. Rxh8 Qxh8 19. O-O-O Qf8 20. d4 cxd4 21.
Bxe7 Qxe7 22. exd4 Qa3+ 23. Kb1 Ne4 24. Qa5 Qd6 25. Ne5 f6 26. Nd3 Bb5 27. Ndc5+ Nxc5 28. Nxc5+ Kc8 29. c4 dxc4 30. a4 cxb3 31. axb5 cxb5 32.
Qxb5 Rb8 33. Qe8+ Kc7 34. Qf7+ Kc6 35. Nxe6 b2 36. d5+ Kb6 37. Rd2 Ka6 38. Nc7+ Ka5 39. Ne8 Qc5 40. Qc7+ Qxc7 41. Nxc7 Kb6 42. d6 Rd8 43.
Ne6 Rd7 44. Nxg7 1-0

[Event "*** Titled Tuesday Blitz"]
[Site "Chess.com"]
[Date "2021.03.02"]
[Round "2"]
[White "lucachess49"]
[Black "esrosenberg"]
[Result "0-1"]
[WhiteElo "2402"]
[BlackElo "2194"]
[TimeControl "180+1"]
[EndTime "10:18:27 PST"]
[Termination "esrosenberg won on time"]

1. d4 Nf6 2. c4 e6 3. Nc3 Bb4 4. e3 O-O 5. Ne2 d5 6. a3 Be7 7.
cxd5 exd5 8. Nf4 Re8 9. Bd3 c6 10. O-O Bg4 11. f3 Bh5 12. Nxh5 Nxh5 13. Bc2 g6 14. b4 Bf6 15. Re1 a5 16. b5 Nd7 17.
bxc6 bxc6 18. Rb1 Nb6 19. Bd3 Rb8 20. Na4 Nxa4 21. Rxb8 Qxb8 22. Qxa4 Qb6 23. Bd2 Qb2 24. Bxa5 Bh4 25. g3 Bg5 26. f4 Bf6 27. Qxc6 Re6 28. Qc8+ Kg7 29. Bb4 Be7 30. Bxe7 Rxe7 31. Qc5 Re6 32.
Qxd5 Qc3 33. Rd1 Nf6 34. Qf3 Qxa3 35. e4 Rb6 36. e5 Nh5 37. Be2 Rb3 38. Qd5 Kh6 39.
Bxh5 Kxh5 40. Qg2 Kh6 41. d5 Rb2 42. Qh3+ Kg7 43. f5 Qe3+ 44. Kh1 Qf3+ 45. Kg1 Qxd1+ 46.
Qf1 Qd4+ 47. Kh1 Qxd5+ 48. Kg1 Qd4+ 49. Kh1 Qe4+ 50. Kg1 Rb1 51. f6+ Kh6 0-1

[Event "*** Titled Tuesday Blitz"]
[Site "Chess.com"]
[Date "2021.03.02"]
[Round "2"]
[White "WanderingPuppet"]
[Black "gumimis"]
[Result "1-0"]
[WhiteElo "2475"]
[BlackElo "2278"]
[TimeControl "180+1"]
[EndTime "10:18:28 PST"]
[Termination "WanderingPuppet won on time"]

1. e4 c6 2. Nc3 d5 3. Nf3 d4 4. Ne2 c5 5. c3 Nc6 6. Nf4 e5 7. Nd5 Nf6 8. Nxf6+ Qxf6 9. Bb5 Bd7 10. d3 h6 11. O-O Bd6 12. h3 O-O 13. a4 Qg6 14.
Kh1 Rae8 15. Bc4 Kh8 16. a5 Qh5 17. a6 b6 18. Nh2 Qxd1 19. Rxd1 f5 20. exf5 Rxf5 21.
Kg1 e4 22. dxe4 Bxh2+ 23. Kxh2 Rxf2 24. Bd5 Ne5 25. cxd4 cxd4 26. Ra3 d3 27. Kg3 Ref8 28.
Bd2 Bb5 29. Bc3 Nc4 30. Rb3 Bxa6 31. Rxd3 Na5 32. Re3 Nxb3 33. Bxb3 Bf1 34. Be5 Rxg2+ 35. Kh4 Rg5 36. Bg3 Bb5 37. Bd6 Rd8 38. Be7 Re8 39. Bxg5 hxg5+ 40. Kxg5 Bd7 41. e5 Be6 42. Bc2 1-0

[Event "*** Titled Tuesday Blitz"]
[Site "Chess.com"]
[Date "2021.03.02"]
[Round "2"]
[White "SanchezKelvin"]
[Black "HanSchut"]
[Result "1-0"]
[WhiteElo "2446"]
[BlackElo "2227"]
[TimeControl "180+1"]
[EndTime "10:18:28 PST"]
[Termination "SanchezKelvin won on time"]

1. d4 Nf6 2. c4 g6 3. Nf3 Bg7 4. Nc3 d5 5. Bg5 Ne4 6. cxd5 Nxg5 7. Nxg5 e6 8. Qd2 h6 9. Nh3 exd5 10. Nf4 c6 11. h4 O-O 12. e3 Nd7 13. O-O-O Nf6 14. f3 b5 15. g4 Qa5 16. Kb1 b4 17. Nce2 Ba6 18. Ng3 Bc4 19. b3 Bxf1 20. Rhxf1 c5 21. dxc5 Rfd8 22. Nd3 Rab8 23. Rc1 d4 24. e4 Rdc8 25.
h5 Nd7 26. hxg6 fxg6 27. c6 Ne5 28. Rc5 Qc7 29. f4 Nxd3 30. Qxd3 Rb6 31. f5 Rxc6 32.
Rxc6 Qxc6 33. f6 Bxf6 34. e5 Bg5 35. Ne4 Qd5 36. Nxg5 hxg5 37. Qxg6+ Kh8 38. Qh6+ Kg8 39. Qxg5+ Kh8 40. Qh5+ Kg8 41. Qg5+ Kh8 42. Qh6+ Kg8 43. Qg6+ Kh8 44. e6 d3 45. e7 d2 46. e8=Q+ Rxe8 47. Qxe8+ Kg7 48. Qe2 Qd4 49. Rd1 Qf4 50. Qxd2 Kg6 51.
Qxf4 1-0